[Event "Late-Titled-Tuesday-Blitz-February-20-2024"]
[Site "Chess.com"]
[Date "2024.02.20"]
[Round "9"]
[White "TemploVillamarin"]
[Black "giovannibrandao7"]
[Result "1-0"]
[WhiteElo "2196"]
[BlackElo "2226"]
[TimeControl "180+1"]
[EndTime "15:44:06 PST"]
[Termination "TemploVillamarin won on time"]

1. d4 Nf6 2. Nc3 d5 3. e4 dxe4 4. f3 exf3 5. Nxf3 e6 6. Bd3 Be7 7. Bg5 O-O 8. Qe2 Nbd7 9. O-O-O c6 10. Ne5 Nxe5 11. dxe5 Nd5 12. Bxe7 Qxe7 13. Ne4 f5 14. exf6 Nxf6 15. Ng5 h6 16. Nf3 e5 17. Nxe5 Re8 18.
Bc4+ Be6 19. Rhe1 Bxc4 20. Qxc4+ Qe6 21. Qxe6+ Rxe6 22. Ng6 Rae8 23. Rxe6 Rxe6 24. Nf4 Re4 25. g3 Kf7 26. Kd2 g5 27. Nd3 b6 28. Rf1 Ke6 29.
Nf2 Re5 30. Nd3 Re4 31. b3 c5 32. c4 Rd4 33. Re1+ Kf5 34. Rf1+ Kg6 35. Kc2 Ng4 36. Kc3 Rd6 37. h3 Ne3 38. Ne5+ Kh5 39. Re1 Nf5 40. g4+ 1-0

[Event "Late-Titled-Tuesday-Blitz-February-20-2024"]
[Site "Chess.com"]
[Date "2024.02.20"]
[Round "9"]
[White "Shankland"]
[Black "K_A_S_T_O_R"]
[Result "1/2-1/2"]
[WhiteElo "2929"]
[BlackElo "2790"]
[TimeControl "180+1"]
[EndTime "15:44:08 PST"]
[Termination "Game drawn by agreement"]

1. g3 c5 2. Bg2 g6 3. e4 Bg7 4.
Ne2 Nc6 5. O-O e5 6. Nbc3 Nge7 7. d3 O-O 8. f4 d6 9. Nd5 exf4 10. Bxf4 Nxd5 11. exd5 Nd4 12. c3 Nxe2+ 13. Qxe2 Bf5 14. Rae1 Qd7 15. Qd2 Rfe8 16. h4 h5 17. Be4 Bg4 18.
Re3 f5 19. Bg2 Rxe3 20. Bxe3 Re8 21. Re1 Be5 22. Bf4 Kg7 23. Kf2 b6 24. a3 Bxf4 25.
gxf4 Kf7 26. Re3 Qd8 27. Kg3 Qf6 28. Qe1 Re7 29. Rxe7+ Qxe7 30. Qxe7+ Kxe7 31. Kf2 Bd1 32. Ke3 Ba4 33. c4 Bb3 34. Kd2 a6 35. Kc3 Ba4 36. Bf3 Kd8 37. d4 Kc7 38. b3 Bd7 39. Bd1 a5 40. b4 axb4+ 41. axb4 Be8 42. Kb3 Bf7 43.
bxc5 bxc5 44. dxc5 dxc5 45. Ka3 Kb6 46. Ba4 Ka5 47.
Bd7 Kb6 48. Ka4 Ka6 49. d6 Kb6 50. Bb5 Be6 51. Be8 Bxc4 52. Bxg6 Kc6 53. Bxh5 Kxd6 54. Bf3 Bf7 55. Kb5 Be8+ 56. Kc4 Bf7+ 57. Kc3 Ke7 58. Be2 Kf6 59. Bc4 Be8 60. Bd5 Bb5 61. Bf3 Bf1 62. h5 Kg7 63. Kd2 1/2-1/2

[Event "Late-Titled-Tuesday-Blitz-February-20-2024"]
[Site "Chess.com"]
[Date "2024.02.20"]
[Round "9"]
[White "Zq1"]
[Black "IraZyne"]
[Result "1-0"]
[WhiteElo "2496"]
[BlackElo "2355"]
[TimeControl "180+1"]
[EndTime "15:44:08 PST"]
[Termination "Zq1 won by resignation"]

1. d4 d5 2. c4 e6 3. Nc3 c6 4. e4 dxe4 5. Nxe4 Bb4+ 6. Nc3 e5 7. a3 Ba5 8. Nf3 exd4 9. Qxd4 Nd7 10. Qxg7 Qf6 11.
Qxf6 Ngxf6 12. Bd2 O-O 13. O-O-O Nc5 14. b4 Nb3+ 15.
Kb2 Nxd2 16. Rxd2 Bc7 17. g3 Be6 18. Nd4 Rad8 19. Be2 Be5 20. Rhd1 Bc8 21. f4 Bc7 22. Bf3 Rde8 23. Re2 Ng4 24. Bxg4 Bxg4 25. Rxe8 Rxe8 26. Rd2 Bd8 27. Kc2 Bf6 28. c5 Re3 29. Rd3 Re1 30.
Kd2 Rh1 31. Ne4 Rxh2+ 32. Ke3 Be7 33. Nf3 Rh1 34. Nd6 Rf1 35. Ne5 Re1+ 36. Kf2 Re2+ 37.
Kf1 Bh5 38. g4 Rxe5 39. fxe5 Bxg4 40. Nxb7 h5 41. Na5 h4 42. Nxc6 Bg5 43. Kg2 Bf4 44. Nxa7 h3+ 45. Rxh3 Bxh3+ 46. Kxh3 Bxe5 47. c6 Kf8 48. b5 Ke7 49. b6 Kd8 50. c7+ Bxc7 51. bxc7+ Kxc7 52. Nb5+ Kb6 53. Nc3 Kc5 54. Nb1 f5 55.
Kg3 Kd5 56. Kf4 Ke6 57. a4 1-0

[Event "Late-Titled-Tuesday-Blitz-February-20-2024"]
[Site "Chess.com"]
[Date "2024.02.20"]
[Round "9"]
[White "PacingRope"]
[Black "Goryachkina"]
[Result "1-0"]
[WhiteElo "2919"]
[BlackElo "2705"]
[TimeControl "180+1"]
[EndTime "15:44:09 PST"]
[Termination "PacingRope won by checkmate"]

1. e4 c5 2. Nf3 e6 3. d4 cxd4 4. Nxd4 Nf6 5. Nc3 Nc6 6. g4 Nxd4 7. Qxd4 Nxg4 8. e5 Nh6 9. Bxh6 gxh6 10. O-O-O Qa5 11. Ne4 Qxa2 12. Nf6+ Kd8 13. Nxd7 Qa1+ 14. Kd2 Qa5+ 15. Ke3 Qd5 16. Qxd5 exd5 17. Rxd5 Kc7 18. Bh3 b6 19. Rhd1 Bb7 20. R5d3 Bb4 21. Nf6 Bc5+ 22. Ke2 Ba6 23. c4 Bxc4 24. b4 Bxb4 25. Rc1 b5 26. Nd5+ Kb7 27. Nxb4 Rad8 28. Ke3 a5 29.
Bg2+ Kb6 30. Nd5+ Kc5 31. Rdd1 Rhg8 32. Be4 Rge8 33. f4 a4 34. Nf6 Rxd1 35. Rxd1 Rh8 36. Rb1 a3 37. Nd7# 1-0

[Event "Late-Titled-Tuesday-Blitz-February-20-2024"]
[Site "Chess.com"]
[Date "2024.02.20"]
[Round "9"]
[White "toninhojit"]
[Black "Ajedrez_con_German"]
[Result "1-0"]
[WhiteElo "2474"]
[BlackElo "2606"]
[TimeControl "180+1"]
[EndTime "15:44:09 PST"]
[Termination "toninhojit won by checkmate"]

1. e4 d5 2. exd5 Qxd5 3. Nc3 Qd8 4. d4 Nf6 5. Nf3 Bg4 6. Bc4 e6 7. Be3 c6 8. h3 Bh5 9. g4 Bg6 10. Ne5 Nbd7 11. Nxg6 hxg6 12. Qe2 Bb4 13. Bd2 Qe7 14.
a3 Bxc3 15. Bxc3 Nd5 16. Bd2 Qf6 17. Bxd5 cxd5 18. O-O-O O-O-O 19. Bb4 Qf4+ 20. Kb1 Kb8 21. Rd3 Nf6 22. f3 Rc8 23. Bc5 Nd7 24. Bb4 Ka8 25. a4 Rc4 26. c3 Rhc8 27. b3 R4c6 28. a5 Nb8 29. Bc5 b6 30. axb6 axb6 31. Bb4 Na6 32. Ba3 Kb7 33. Kb2 Nc7 34. Ra1 Nb5 35. Bb4 Ra8 36.
Rxa8 Kxa8 37. Re3 Na7 38. h4 Kb7 39. h5 gxh5 40. gxh5 Rc8 41. Re5 Nc6 42. Bd6 Nxe5 43. Bxe5 Qf5 44. Qb5 f6 45. Qd7+ Ka6 46. Qxc8+ Kb5 47.
c4+ Kb4 48. Bd6+ Ka5 49. Qa8# 1-0

[Event "Late-Titled-Tuesday-Blitz-February-20-2024"]
[Site "Chess.com"]
[Date "2024.02.20"]
[Round "9"]
[White "Polish_fighter3000"]
[Black "Angry_Twin"]
[Result "1-0"]
[WhiteElo "3078"]
[BlackElo "2978"]
[TimeControl "180+1"]
[EndTime "15:44:10 PST"]
[Termination "Polish_fighter3000 won by resignation"]

1. e4 c5 2. Nf3 d6 3. d4 cxd4 4. Nxd4 Nf6 5. Nc3 a6 6. Bg5 e6 7. f4 h6 8. Bh4 Nbd7 9. Qf3 e5 10. Bxf6 Nxf6 11. Nf5 Bxf5 12. exf5 Be7 13. O-O-O Qc7 14. g4 exf4 15. Qxf4 Rc8 16. Kb1 Qa5 17. Bc4 Qe5 18.
Rhf1 Qxf4 19. Rxf4 O-O 20. a4 Nd7 21. Bd5 b6 22.
Bb7 Rc5 23. Bxa6 Ne5 24. Nd5 Bg5 25. Rb4 Ra8 26. Be2 Nc6 27. Re4 Ne5 28. Nxb6 Rb8 29. Nd5 Kh7 30. c3 Rcc8 31. Kc2 Nd7 32. Bb5 Nc5 33. Re2 Rd8 34. b4 Nd7 35. Bxd7 Rxd7 36.
a5 Ra7 37. Re4 g6 38. f6 Rb5 39. Re7 Rbb7 40. a6 Rxe7 41. fxe7 Bxe7 42. Nxe7 Rxe7 43.
b5 h5 44. b6 hxg4 45. a7 Re8 46. b7 Re2+ 47. Rd2 Rxd2+ 48. Kxd2 g3 49. hxg3 1-0

[Event "Late-Titled-Tuesday-Blitz-February-20-2024"]
[Site "Chess.com"]
[Date "2024.02.20"]
[Round "9"]
[White "ahmedkandiliii"]
[Black "AsaHoffmann"]
[Result "0-1"]
[WhiteElo "2492"]
[BlackElo "2399"]
[TimeControl "180+1"]
[EndTime "15:44:10 PST"]
[Termination "AsaHoffmann won on time"]

1. e4 d6 2. d4 Nf6 3. Nc3 c6 4. a4 a5 5. Nf3 Bg4 6. h3 Bh5 7. Bf4 Nbd7 8. e5 Nd5 9. Nxd5 cxd5 10. exd6 exd6 11. Qe2+ Be7 12. Bxd6 Bxf3 13. gxf3 Kf8 14. Bxe7+ Qxe7 15. Qxe7+ Kxe7 16. Bb5 Nf6 17. O-O Kd6 18. Rfe1 Rac8 19. c3 Rc7 20. Re3 Re7 21. Rae1 Rxe3 22. Rxe3 g6 23. Kg2 Nh5 24. h4 Ng7 25. Kh3 Ne6 26.
Kg3 h5 27. Re5 f6 28. Re3 Rg8 29. c4 Nxd4 30. Rd3 Nf5+ 31. Kh3 d4 32. Rd1 Ke5 33.
c5 Rc8 34. Rc1 Kd5 35. Bc4+ Ke5 36. Bd3 Kf4 37. Be4 Rc7 38. Bd5 g5 39. hxg5 fxg5 40. Re1 g4+ 41. fxg4 hxg4+ 42. Kg2 Rxc5 43. Re4+ Kg5 44. Bxb7 Rc2 45. Ba6 Rxb2 46. Bc8 g3 47. Bxf5 Kxf5 48. Rxd4 gxf2 49. Rd5+ Ke4 50. Rxa5 Ke3 51.
Ra8 Ke2 52. Rf8 Ke1 53. Re8+ Re2 0-1

[Event "Late-Titled-Tuesday-Blitz-February-20-2024"]
[Site "Chess.com"]
[Date "2024.02.20"]
[Round "9"]
[White "mjelcic"]
[Black "gmtalentoso"]
[Result "1-0"]
[WhiteElo "2260"]
[BlackElo "2454"]
[TimeControl "180+1"]
[EndTime "15:44:10 PST"]
[Termination "mjelcic won by resignation"]

1. d4 Nf6 2. c4 e6 3. Nc3 Bb4 4.
Bd2 O-O 5. Nf3 d6 6. e3 Nbd7 7. Bd3 e5 8. dxe5 dxe5 9. Bc2 Qe7 10. a3 Bxc3 11. Bxc3 b6 12. O-O Bb7 13. Qe2 Rad8 14. Rad1 Rfe8 15. b4 h6 16. Rd2 Bxf3 17. Qxf3 e4 18.
Qe2 Ne5 19. Rfd1 Rxd2 20. Rxd2 Qe6 21. Bxe5 Qxe5 22. Rd4 c5 23. Rd2 Qc3 24. bxc5 bxc5 25. a4 Rb8 26. h3 Rb4 27. Qd1 Rxc4 28. Rd8+ Kh7 29. Bb3 Rb4 30. Bxf7 Rb2 31. h4 Rc2 32.
h5 Nxh5 33. Qxh5 Qf6 34. Bg8+ Kh8 35. Bb3+ Qxd8 36. Bxc2 Qe7 37. Qf5 Kg8 38. Qxe4 Qd6 39. Qe8+ 1-0

[Event "Late-Titled-Tuesday-Blitz-February-20-2024"]
[Site "Chess.com"]
[Date "2024.02.20"]
[Round "9"]
[White "Duhless"]
[Black "jefferyx"]
[Result "1/2-1/2"]
[WhiteElo "3088"]
[BlackElo "3040"]
[TimeControl "180+1"]
[EndTime "15:44:11 PST"]
[Termination "Game drawn by repetition"]

1. d4 g6 2. e4 Bg7 3. Nf3 d6 4. Bc4 e6 5. O-O Ne7 6. Re1 O-O 7. Nbd2 a6 8. a4 b6 9. c3 Bb7 10. Bb3 Nd7 11. Nf1 c5 12. Ng3 h6 13. Bf4 e5 14.
Be3 b5 15. Qd2 Kh7 16. dxe5 dxe5 17. axb5 axb5 18. Rxa8 Bxa8 19. Rd1 Bc6 20. Qd6 c4 21. Bc2 Re8 22. h4 Qb8 23. h5 Qxd6 24. Rxd6 Kg8 25. Nh4 Bf6 26. hxg6 Bxh4 27. Nf5 Nxf5 28. exf5 Nb8 29. f6 Bd7 30. Ba7 Be6 31. Bd1 Nd7 32.
gxf7+ Bxf7 33. Rxd7 Bxf6 34. Rxf7 Kxf7 35. Bh5+ Ke7 36. Bc5+ Kd7 37. Bxe8+ Kxe8 38. g4 Bg5 39. Be3 Bxe3 40. fxe3 Kf7 41. Kg2 Kf6 42. e4 Kg5 43. Kg3 h5 44. gxh5 Kxh5 45. Kh3 Kg5 46. Kg3 Kh5 47.
Kh3 Kg5 48. Kg3 Kh5 1/2-1/2

[Event "Late-Titled-Tuesday-Blitz-February-20-2024"]
[Site "Chess.com"]
[Date "2024.02.20"]
[Round "9"]
[White "LiemLe"]
[Black "TenisMaster"]
[Result "1/2-1/2"]
[WhiteElo "3049"]
[BlackElo "3002"]
[TimeControl "180+1"]
[EndTime "15:44:12 PST"]
[Termination "Game drawn by repetition"]

1. Nf3 d5 2. e3 Nf6 3. c4 c6 4.
Nc3 e6 5. b3 Bd6 6. Bb2 O-O 7.
Rc1 Nbd7 8. Be2 Qe7 9. O-O Ne4 10. Qc2 f5 11. d3 Ng5 12. Nxg5 Qxg5 13. f4 Qg6 14. Bf3 Nf6 15. Ne2 Bd7 16. h3 Qh6 17. Qd2 Be8 18. Nd4 Bd7 19. b4 Rae8 20. Nb3 e5 21. fxe5 Bxe5 22. Bxe5 Rxe5 23. cxd5 cxd5 24. Rc7 Rxe3 25. Rxb7 a6 26. Bxd5+ Kh8 27. Nc5 Bc8 28. Rf7 Rd8 29. Bc4 f4 30. Qf2 f3 31. Re1 Rxe1+ 32. Qxe1 Qf4 33. Qe7 Qd4+ 34. Kh2 f2 35. Rf8+ Ng8 36.
Qxd8 f1=N+ 37. Kh1 Ng3+ 38. Kh2 Nf1+ 39. Kh1 Ng3+ 40.
Kh2 Nf1+ 1/2-1/2

[Event "Late-Titled-Tuesday-Blitz-February-20-2024"]
[Site "Chess.com"]
[Date "2024.02.20"]
[Round "9"]
[White "cthulhuuu"]
[Black "JackRodgers"]
[Result "0-1"]
[WhiteElo "2423"]
[BlackElo "2551"]
[TimeControl "180+1"]
[EndTime "15:44:12 PST"]
[Termination "JackRodgers won on time"]

1. e4 c5 2. Nf3 g6 3. g3 Bg7 4. Bg2 Nc6 5. O-O e6 6. d3 Nge7 7. Re1 O-O 8. e5 d6 9. exd6 Qxd6 10. Nbd2 b6 11. Nc4 Qc7 12. Bf4 Qd8 13. Nfe5 Bb7 14. Nd6 Qxd6 15. Nxc6 Qd7 16. Ne5 Qc8 17. Qd2 Bxg2 18.
Kxg2 Qb7+ 19. f3 Nc6 20. Nxc6 Qxc6 21. Bh6 Bxb2 22. Bxf8 Bxa1 23. Bxc5 Qxc5 24. Rxa1 Rc8 25. c4 Qd4 26. Rd1 b5 27. cxb5 Qa4 28. Rc1 Rxc1 29.
Qxc1 Qxa2+ 30. Kh3 Qd5 31. Qc8+ Kg7 32. Qc3+ f6 33.
Qc7+ Kh6 34. Qf4+ Qg5 35. Qxg5+ Kxg5 36. d4 Kf5 37. Kg2 g5 38. Kf2 g4 39. Ke3 h5 40. f4 Kg6 41. Ke4 Kf7 42. f5 Ke7 43. Kf4 Kd6 44. fxe6 Kxe6 45. Ke4 Kd6 46. Ke3 Kd5 47. Kd3 f5 48. Kc3 f4 49. gxf4 h4 50. Kd3 g3 0-1

[Event "Late-Titled-Tuesday-Blitz-February-20-2024"]
[Site "Chess.com"]
[Date "2024.02.20"]
[Round "9"]
[White "Mesa_1"]
[Black "KetiTsatsalashvili"]
[Result "0-1"]
[WhiteElo "2528"]
[BlackElo "2455"]
[TimeControl "180+1"]
[EndTime "15:44:12 PST"]
[Termination "KetiTsatsalashvili won by checkmate"]

1. d4 Nf6 2. c4 e6 3. Nf3 d5 4. Nc3 Be7 5. cxd5 exd5 6. Bf4 c6 7. e3 O-O 8. Bd3 Bg4 9. h3 Bh5 10. Qb3 Qb6 11. Qc2 Nbd7 12. Ne5 Qd8 13. g4 Bg6 14. Nxg6 fxg6 15. f3 Ne8 16. O-O-O Bd6 17. Bxd6 Nxd6 18. e4 Rxf3 19. e5 Ne8 20. Qe2 Rf4 21. e6 Ndf6 22.
Rhf1 Qd6 23. Qe3 Rxf1 24. Rxf1 Nc7 25. g5 Nh5 26. Rf7 Qxe6 27. Qxe6 Nxe6 28. Rxb7 Nxd4 29.
Na4 Ne6 30. h4 Nhf4 31. Bf1 d4 32. Kd2 h6 33. Bc4 Kf8 34. gxh6 gxh6 35. Rh7 Rd8 36. Rxa7 g5 37. hxg5 hxg5 38. Nb6 g4 39. Nd7+ Ke7 40. Nc5+ Kf6 41. Ne4+ Ke5 42. Ng3 Rh8 43. Re7 Rh2+ 44.
Ne2 Kf6 45. Re8 Kf7 46. Rc8 Nxe2 47. Bxe2 Nf4 48. Rxc6 Rxe2+ 49. Kd1 Rxb2 50. Rc4 g3 51. Rxd4 Ne6 52. Rg4 g2 53. Ke1 Rxa2 54. Rg3 Kf6 55. Rg4 Kf5 56. Rg3 Nf4 57. Rg8 Ke4 58. Rg3 Rb2 59. Rg8 Re2+ 60. Kd1 Kf3 61. Rg7 Rf2 62. Ke1 Rf1+ 63. Kd2 g1=Q 64. Rh7 Qf2+ 65. Kc3 Rc1+ 66. Kb4 Qb2+ 67. Ka5 Ra1# 0-1

[Event "Late-Titled-Tuesday-Blitz-February-20-2024"]
[Site "Chess.com"]
[Date "2024.02.20"]
[Round "9"]
[White "lucliasco"]
[Black "Statham_01"]
[Result "1-0"]
[WhiteElo "2885"]
[BlackElo "2598"]
[TimeControl "180+1"]
[EndTime "15:44:13 PST"]
[Termination "lucliasco won by resignation"]

1. d4 e6 2. Nf3 b6 3. Bg5 Be7 4. Bxe7 Qxe7 5. c3 Bb7 6. Nbd2 f5 7. g3 Nf6 8. Bg2 d6 9. O-O Nbd7 10. Re1 Ne4 11.
Nxe4 Bxe4 12. Nd2 Bxg2 13. Kxg2 O-O 14. e3 e5 15. Qb3+ Kh8 16. Qc4 Nf6 17. dxe5 dxe5 18. Rad1 Rad8 19. Nf3 c5 20. a4 Qb7 21. Qe6 Rxd1 22.
Rxd1 f4 23. exf4 exf4 24. g4 h6 25. Rd6 Re8 26. Qf5 Qe7 27. Rd1 Qe2 28. Re1 Qc4 29. Rxe8+ Nxe8 30. Qf8+ Qg8 31. Qxf4 Nf6 32. c4 Qe8 33. b3 Qe2 34. h4 Qe6 35. Ne5 Nd7 36. Nxd7 Qxd7 37. Qf8+ Kh7 38. Qf5+ Qxf5 39. gxf5 Kg8 40.
Kf3 Kf7 41. Ke4 Kf6 42. Kf4 h5 43. Ke4 a6 44. Kf4 Kf7 45. Kg5 Ke7 46. Kxh5 Kf6 47.
Kg4 b5 48. axb5 axb5 49. cxb5 c4 50. bxc4 1-0

[Event "Late-Titled-Tuesday-Blitz-February-20-2024"]
[Site "Chess.com"]
[Date "2024.02.20"]
[Round "9"]
[White "Rashad_Zeynalli"]
[Black "Piotrek1979"]
[Result "0-1"]
[WhiteElo "2644"]
[BlackElo "2455"]
[TimeControl "180+1"]
[EndTime "15:44:15 PST"]
[Termination "Piotrek1979 won by checkmate"]

1. e4 c5 2. Nf3 Nc6 3. d4 cxd4 4. Nxd4 g6 5. c4 Nf6 6. Nc3 d6 7. Be2 Nxd4 8. Qxd4 Bg7 9. Be3 O-O 10. Qd2 a5 11.
O-O a4 12. f3 Qa5 13. Rab1 Be6 14. Nd5 Bxd5 15. Qxa5 Rxa5 16. cxd5 Nd7 17. Rfc1 Nc5 18. Kf1 f5 19. b4 axb3 20. axb3 fxe4 21. b4 Ra3 22.
Bxc5 exf3 23. gxf3 dxc5 24. bxc5 Bh6 25. Rc4 Be3 26. Rxb7 Ra1+ 27. Bd1 Rxd1+ 28. Ke2 Rc1 29. Rxc1 Bxc1 30. Rxe7 Ba3 31. Rc7 Rf5 32. d6 Bxc5 33. d7 Be7 34. Rc8+ Kg7 35. Re8 Bh4 36. d8=Q Bxd8 37. Rxd8 Rh5 38. Rd7+ Kh6 39. Ke3 Rxh2 40. Kf4 Rb2 41. Kg3 Rb4 42. Rc7 g5 43. Rd7 Kg6 44.
Rc7 Rb6 45. f4 Rb3+ 46. Kg4 h5# 0-1

[Event "Late-Titled-Tuesday-Blitz-February-20-2024"]
[Site "Chess.com"]
[Date "2024.02.20"]
[Round "9"]
[White "karinachess1"]
[Black "ExchangeAB"]
[Result "0-1"]
[WhiteElo "2649"]
[BlackElo "2489"]
[TimeControl "180+1"]
[EndTime "15:44:18 PST"]
[Termination "ExchangeAB won by resignation"]

1. d4 d5 2. c4 c6 3. Nf3 Nf6 4. g3 Bf5 5. Qb3 Qb6 6. Nc3 e6 7. c5 Qc7 8. Bf4 Qc8 9. Nh4 Bg4 10. h3 Bh5 11. g4 Bg6 12. Nxg6 hxg6 13. Bg2 Nbd7 14. Qc2 Be7 15. O-O Bd8 16. f3 Bc7 17. Qd2 Bxf4 18. Qxf4 Qb8 19. Qxb8+ Rxb8 20. e4 dxe4 21.
fxe4 e5 22. dxe5 Nxe5 23. Rad1 Ke7 24. b4 Rhd8 25. a4 Rd7 26. Rxd7+ Nfxd7 27. Rd1 a5 28. bxa5 Nxc5 29. Bf1 Ra8 30. a6 Nxa6 31. Bxa6 Rxa6 32. Rb1 b6 33. Kf2 Nd3+ 34. Ke3 Nc5 35. h4 Kd6 36. g5 Nxa4 37. Nxa4 Rxa4 38. Rxb6 Ra3+ 39. Kf4 Ra1 40. Rb7 Rf1+ 41. Ke3 c5 42. Kd3 Ke5 43. Re7+ Kd6 44. Rb7 Ke6 45. Ke3 Re1+ 46. Kf4 Rd1 47. Rb6+ Rd6 48.
Rb8 Rc6 49. Rb3 c4 50. Rc3 Rc5 51. Rc1 c3 52. Ke3 c2 53. Kd3 Ke5 54. Ke3 Rc3+ 55. Kd2 Rc8 56. Ke3 Rc7 57. Kd3 Kf4 58. Kd4 Rd7+ 59.
Kc5 Kxe4 60. Kc6 Rd8 61. Kc7 Rd2 62. Kc6 Kd3 63. Kc5 Rd1 0-1

[Event "Late-Titled-Tuesday-Blitz-February-20-2024"]
[Site "Chess.com"]
[Date "2024.02.20"]
[Round "9"]
[White "dedpihto_v_kozhanom_palto"]
[Black "Zhigalko_Sergei"]
[Result "1/2-1/2"]
[WhiteElo "2716"]
[BlackElo "2926"]
[TimeControl "180+1"]
[EndTime "15:44:20 PST"]
[Termination "Game drawn by repetition"]

1. c4 e5 2. Nc3 Nf6 3. Nf3 Nc6 4. e3 Bb4 5. Qc2 d6 6. Nd5 Ba5 7. a3 Nxd5 8. cxd5 Ne7 9. b4 Bb6 10.
Bc4 O-O 11. Bb2 Bf5 12. Qb3 Be4 13. d3 Bxf3 14. gxf3 Nf5 15. Qc2 Qh4 16. O-O-O a5 17. b5 Qh5 18. Rhg1 Qxf3 19. Kb1 g6 20. Rg5 h6 21. Rgg1 Kh7 22. h4 Rae8 23. h5 Qxh5 24. Rh1 Qf3 25. Rdg1 c6 26. dxc6 bxc6 27. bxc6 Rb8 28.
Ka1 Qxc6 29. e4 Bd4 30. Bxd4 Nxd4 31. Qd2 h5 32. Rxh5+ gxh5 33. Qg5 Nc2+ 34. Ka2 Nb4+ 35. Ka1 Nc2+ 36. Ka2 Nb4+ 37. Ka1 Nc2+ 1/2-1/2

[Event "Late-Titled-Tuesday-Blitz-February-20-2024"]
[Site "Chess.com"]
[Date "2024.02.20"]
[Round "9"]
[White "Ready4abattle"]
[Black "cukricek"]
[Result "0-1"]
[WhiteElo "2279"]
[BlackElo "2451"]
[TimeControl "180+1"]
[EndTime "15:44:20 PST"]
[Termination "cukricek won by resignation"]

1. e4 c5 2. Nf3 g6 3. d4 cxd4 4. Nxd4 Nc6 5. c4 Nf6 6. Nc3 d6 7. f3 Nxd4 8. Qxd4 Bg7 9. Be3 O-O 10. Qd2 a5 11. Be2 a4 12. Kf2 Qa5 13. Rab1 Be6 14. Rhc1 Rfc8 15. b4 axb3 16. axb3 Qb4 17. Rc2 Ra3 18.
Nb5 Qxd2 19. Rxd2 Ra5 20. Bb6 Ra6 21. Bd4 Nd7 22. f4 Nc5 23. Ke3 Bd7 24. Nc3 Ra3 25. Bxg7 Kxg7 26. Bd1 b5 27. Nxb5 Bxb5 28. cxb5 Rb8 29.
e5 dxe5 30. fxe5 Rxb5 31. Rdb2 Nd7 32. Kd4 Rxe5 33. Bg4 f5 34. Bf3 Kf6 35. b4 Nb6 36. b5 Ra4+ 37. Rb4 Rxb5 38. Rxa4 Rxb1 39. Ra6 e5+ 40. Kc5 e4 41. Be2 Ke5 42. Rxb6 Rxb6 43. Kxb6 Kd4 44. Kc6 Ke3 45. Bb5 Kf2 46. g3 Kg2 47.
Kd5 Kxh2 48. Ke5 Kxg3 49. Kf6 f4 0-1

[Event "Late-Titled-Tuesday-Blitz-February-20-2024"]
[Site "Chess.com"]
[Date "2024.02.20"]
[Round "9"]
[White "ritanovikova"]
[Black "Fluffey"]
[Result "0-1"]
[WhiteElo "2220"]
[BlackElo "2378"]
[TimeControl "180+1"]
[EndTime "15:44:20 PST"]
[Termination "Fluffey won on time"]

1. e4 c5 2. Nc3 Nc6 3. d3 g6 4. Be3 Bg7 5. Qd2 d6 6. g3 Nd4 7.
Nd1 b5 8. c3 Ne6 9. Bg2 Bb7 10.
Ne2 Nf6 11. h3 c4 12. O-O cxd3 13. Qxd3 Qd7 14. Nd4 Nxd4 15. cxd4 O-O 16. f4 Rac8 17. g4 a6 18. g5 Nh5 19. Kh2 f5 20. e5 Bxg2 21.
Kxg2 Qb7+ 22. Kh2 dxe5 23. dxe5 Rfd8 24. Qb3+ Qd5 25. Nc3 Qxb3 26. axb3 b4 27. Ne2 Rc2 28. Rf2 Rd3 29. Bb6 Rdd2 30. Re1 Nxf4 31. Rxf4 Bxe5 32.
Kg3 Rxe2 33. Rxe2 Rxe2 34. Kf3 Bxf4 35. Kxe2 Bd6 36. Bd4 e5 37. Bb6 Kf7 38. Ke3 Ke6 39. Kf3 Kd5 40. Bd8 e4+ 41. Ke2 f4 42. Bf6 f3+ 43.
Kf2 Bc5+ 44. Kf1 e3 0-1

[Event "Late-Titled-Tuesday-Blitz-February-20-2024"]
[Site "Chess.com"]
[Date "2024.02.20"]
[Round "9"]
[White "jactorres"]
[Black "boguszp"]
[Result "0-1"]
[WhiteElo "2367"]
[BlackElo "2012"]
[TimeControl "180+1"]
[EndTime "15:44:20 PST"]
[Termination "boguszp won on time"]

1. e4 e6 2. d4 d5 3. Nd2 c5 4.
exd5 Qxd5 5. Ngf3 cxd4 6. Bc4 Qd6 7. O-O Nf6 8. Nb3 Nc6 9. Nbxd4 Nxd4 10. Qxd4 Qxd4 11.
Nxd4 a6 12. Be2 Bc5 13. Nb3 Bb6 14. Bf3 O-O 15. a4 Rd8 16. Bg5 h6 17. Bh4 g5 18.
Bg3 g4 19. Be2 Bd7 20. Bh4 Kg7 21. Rad1 Bc6 22. a5 Bc7 23. Bxf6+ Kxf6 24. Bxg4 Rg8 25. f3 Rg7 26. Nd4 Bd5 27. b3 Bxa5 28. c4 Bc6 29.
Nxc6 bxc6 30. Rd6 Bb6+ 31. Kh1 Rc8 32. Ra1 a5 33. Rad1 Rg5 34. h4 Re5 35. f4 Re4 36. g3 Re3 37. R6d3 Rxd3 38. Rxd3 Rd8 39. Rxd8 Bxd8 40.
Bf3 c5 41. Be4 Ke7 42. Kg2 f5 43. Bf3 Kd6 44. Kf2 e5 45. fxe5+ Kxe5 46. Ke3 Bf6 47. Bh5 Bg7 48. Bf7 Bf6 49. Bd5 Be7 50.
Bc6 Bd6 51. Bd5 Kf6 52. Kf3 Ke5 53. Bf7 Kd4 54. Bg6 Kc3 55. Bxf5 Kxb3 56. g4 a4 57. g5 hxg5 58. hxg5 Be7 59. g6 Bf6 60. Bb1 a3 0-1

[Event "Late-Titled-Tuesday-Blitz-February-20-2024"]
[Site "Chess.com"]
[Date "2024.02.20"]
[Round "9"]
[White "WPWPWP-2015"]
[Black "MaestroCheck"]
[Result "0-1"]
[WhiteElo "2425"]
[BlackElo "2554"]
[TimeControl "180+1"]
[EndTime "15:44:21 PST"]
[Termination "MaestroCheck won on time"]

1. e4 c5 2. Nf3 e6 3. d4 cxd4 4.
Nxd4 Nf6 5. Nc3 Nc6 6. Be2 Bb4 7.
Nxc6 bxc6 8. Qd3 Qa5 9. O-O O-O 10. Bd2 d5 11. e5 Nd7 12. f4 Nc5 13. Qd4 Nd7 14. Qd3 Nc5 15. Qd4 Nd7 16. Ne4 Rb8 17. c3 Be7 18. Nd6 c5 19. Qe3 Ba6 20. Bxa6 Qxa6 21.
b3 Bxd6 22. exd6 Qxd6 23. Rad1 Rfd8 24. Be1 Nf6 25. Bh4 Kh8 26. Bxf6 gxf6 27. Qh3 Rg8 28. Qh4 Rg6 29. f5 exf5 30. Rxf5 Rbg8 31. Rd2 d4 32. cxd4 cxd4 33. Rf3 Qc5 34. Kf1 Qc1+ 35. Qe1 Qxe1+ 36. Kxe1 Rxg2 37. Rxg2 Rxg2 38. Rxf6 Kg7 39. Rf4 Rxa2 40. Rxd4 Rxh2 41. Rg4+ Kf6 42. Ra4 Rb2 43. Ra3 h5 44. Kd1 h4 45. Ke1 h3 46. Kf1 h2 47. Ra6+ Kg7 0-1

[Event "Late-Titled-Tuesday-Blitz-February-20-2024"]
[Site "Chess.com"]
[Date "2024.02.20"]
[Round "9"]
[White "mbojan"]
[Black "FairChess_on_YouTube"]
[Result "0-1"]
[WhiteElo "2902"]
[BlackElo "3068"]
[TimeControl "180+1"]
[EndTime "15:44:22 PST"]
[Termination "FairChess_on_YouTube won on time"]

1. Nf3 Nf6 2. d4 e6 3. c4 b6 4. a3 Bb7 5. Bf4 g6 6. Nc3 Bg7 7. e3 O-O 8. Bd3 d6 9. h3 Nbd7 10. Bh2 Re8 11. O-O e5 12. Be2 Ne4 13. Nd5 c6 14.
Nb4 a5 15. Nc2 c5 16. d5 f5 17. a4 Bc8 18. Na3 Nb8 19. Nb5 Na6 20. Ne1 Nb4 21.
Nd3 Bd7 22. f3 Bxb5 23. fxe4 Bd7 24. Nxb4 axb4 25. exf5 gxf5 26. e4 f4 27. Bg4 Kh8 28. b3 Rg8 29. Bxd7 Qxd7 30. Kh1 Bf6 31. Qf3 Rg6 32.
Ra2 Rag8 33. Rfa1 Qg7 34. Rc2 Bd8 35. Rb2 Qh6 36. Rc2 Qh4 37. Rd2 Rg3 38. Bxg3 Rxg3 39. Qf1 f3 40. Raa2 Qxe4 41. gxf3 Rxf3 42. Qg2 Rxh3+ 43.
Kg1 Qe1+ 44. Qf1 Rh1+ 45. Kxh1 Qxf1+ 46. Kh2 Bg5 47. Rf2 Bf4+ 0-1

[Event "Late-Titled-Tuesday-Blitz-February-20-2024"]
[Site "Chess.com"]
[Date "2024.02.20"]
[Round "9"]
[White "MKlose11"]
[Black "a_kandil"]
[Result "1-0"]
[WhiteElo "2623"]
[BlackElo "2438"]
[TimeControl "180+1"]
[EndTime "15:44:22 PST"]
[Termination "MKlose11 won by checkmate"]

1. e4 c5 2. Nc3 d6 3. g3 g6 4.
d3 Bg7 5. Be3 Nc6 6. Qd2 Rb8 7.
Bg2 Nd4 8. Nd1 Nf6 9. h3 O-O 10.
c3 Nc6 11. Bh6 b5 12. Bxg7 Kxg7 13. Ne2 b4 14. O-O Bd7 15. f4 bxc3 16. bxc3 e6 17. g4 Ne8 18. Ne3 Qb6 19. Rab1 Qxb1 20. Rxb1 Rxb1+ 21. Kh2 Nc7 22. Nc4 d5 23. exd5 exd5 24. Na3 Rb6 25.
d4 c4 26. f5 Rfb8 27. f6+ Kg8 28. Qh6 Ne8 29. Bxd5 Nxf6 30. Bf3 Na5 31. Nf4 Rb2+ 32. Kg3 Rxa2 33. Qg5 Ne4+ 34. Bxe4 Rxa3 35. Nd5 Be6 36. Nf6+ Kf8 37. Qc5+ Kg7 38. Qxa3 Kxf6 39. Qxa5 Rb3 40.
g5+ Kg7 41. h4 h6 42. d5 Bd7 43. d6 hxg5 44. hxg5 Be6 45. Kf4 Rb2 46. Qxa7 Rd2 47.
Qc5 Rd1 48. Qe5+ Kf8 49. Bxg6 Rf1+ 50. Kg3 fxg6 51. Qxe6 Rf7 52. d7 Rg7 53. d8=Q# 1-0